 Dungeon Crawl Stone Soup version 0.29.1-15-g9cfb28693d (webtiles) character file.

Game seed: 3878241460728233555

798 Heoruswealwe the Trooper (level 7, 0/63 HPs)
             Began as a Minotaur Fighter on Feb 21, 2023.
             Was a Priest of Lugonu.
             Slain by an elephant (shapeshifter) (2 damage)
             ... on level 8 of the Dungeon.
             The game lasted 00:25:05 (2070 turns).

Heoruswealwe the Trooper (Minotaur Fighter)         Turns: 2070, Time: 00:25:06

Health: 0/63       AC:  8    Str: 29    XL:     7   Next: 58%
Magic:  6/6        EV:  9    Int:  5    God:    Lugonu [***...]
Gold:   151        SH:  5    Dex:  9    Spells: 6/6 levels left

rFire   . . .      SeeInvis .   a - +0 war axe
rCold   . . .      Faith    .   c - +0 buckler
rNeg    . . .      Spirit   .   b - +0 scale mail
rPois   .          Reflect  .   (helmet restricted)
rElec   .          Harm     .   (no cloak)
rCorr   .          Rampage  .   I - +0 pair of gloves
Will    .....                   (no boots)
Stlth   ..........              (no amulet)
HPRegen 0.20/turn               N - +4 ring of slaying
MPRegen 0.10/turn               T - +6 ring of strength

@: mighty
A: horns 2, retaliatory headbutt
a: Renounce Religion, Depart the Abyss, Bend Space, Banish


You were on level 8 of the Dungeon.
You worshipped Lugonu.
Lugonu was most pleased with you.
You visited 1 branch of the dungeon, and saw 7 of its levels.

You collected 203 gold pieces.
You spent 52 gold pieces at shops.

Inventory:

Hand Weapons
 a - a +0 war axe (weapon)
 j - a +0 scythe
 z - a +0 dagger of electrocution
 B - a +0 club
 C - a +0 club
 D - a +0 dagger
 E - a +0 dagger
 F - a +0 dagger
 O - a +0 flail
 R - a +0 long sword
 S - a +0 club
 W - a +0 dagger
Missiles
 p - 14 stones (quivered)
 r - 5 poisoned darts
 s - 6 boomerangs
Armour
 b - a +0 scale mail (worn)
 c - a +0 buckler (worn)
 i - a +0 scale mail
 o - a +0 leather armour
 q - a +0 robe
 G - a +0 animal skin
 H - a +2 helmet
 I - a +0 pair of gloves (worn)
 J - an orb of energy
 K - a +0 robe
 L - a +0 robe
 P - a +0 ring mail
 Q - a +0 robe
Jewellery
 N - a +4 ring of slaying (left hand)
 T - a +6 ring of strength (right hand)
Scrolls
 e - a scroll of vulnerability
 m - 3 scrolls of immolation
 U - a scroll of teleportation
 X - a scroll of noise
 Y - 2 scrolls of enchant armour
Potions
 f - a potion of attraction
 A - 2 potions of degeneration
 V - a potion of flight


   Skills:
 + Level 6.2 Fighting
 + Level 5.5 Axes
 + Level 6.2 Armour
 + Level 6.2 Shields


You had 6 spell levels left.
You didn't know any spells.
Your spell library contained the following spells:

 Spells                   Type           Power      Damage    Failure   Level
 Ensorcelled Hibernation  Hex/Ice        0%         N/A       90%         2
 Spider Form              Tmut/Pois      0%         N/A       99%         3
 Anguish                  Hex/Necr       0%         N/A       100%        4
 Summon Lightning Spire   Summ/Air       0%         N/A       100%        4
 Storm Form               Tmut/Air       0%         N/A       100%        7
 Maxwell's Capacitive Co  Air            0%         ∞         100%        8
 Chain Lightning          Conj/Air       0%         N/A       100%        9
 Fire Storm               Conj/Fire      0%         5d1       100%        9
 Shatter                  Erth           0%         3d5*      100%        9


Dungeon Overview and Level Annotations

Branches:
Dungeon (8/15)
 Temple: D:4-7         Lair: D:8-11

Altars:
Wu Jian
Lugonu

Shops:
D:2 [!?

Annotations:
D:8 1 transporter


Innate Abilities, Weirdness & Mutations

You have a pair of horns on your head.
You reflexively headbutt those who attack you in melee.


Message History

The kobold demonologist looks encouraged for a moment.
The tengu warrior attacks as you move away!
The tengu warrior barely misses you.
The tengu warrior pecks you but does no damage.
The tengu warrior claws you. The boulder beetle bites you.
The kobold demonologist begins to cast a cantrip, but forgets the words!
The yaktaur attacks as you move away! The yaktaur hits you.
The kobold demonologist mumbles some strange words.
The tengu warrior attacks as you move away!
The tengu warrior hits you with a +3 long sword.
The tengu warrior closely misses you. The tengu warrior barely misses you.
The boulder beetle leaps!
The soul eater hits you but does no damage.
The soul eater draws from the surrounding life force!
You slice the tengu warrior!!
The tengu warrior is moderately wounded.
You slash the yaktaur!
The yaktaur changes into an elephant!
The tengu warrior hits you with a +3 long sword!
The tengu warrior pecks you but does no damage.
The tengu warrior claws you but does no damage.
You slash the tengu warrior! Your headbutt misses the tengu warrior.
The tengu warrior is heavily wounded.
You slash the elephant!
The tengu warrior hits you with a +3 long sword!
* * * LOW HITPOINT WARNING * * *
You block the tengu warrior's attack. The tengu warrior claws you.
* * * LOW HITPOINT WARNING * * *
The elephant tramples you but does no damage.
The elephant trunk-slaps you.
* * * LOW HITPOINT WARNING * * *
You block the tengu warrior's attack. The tengu warrior pecks you.
* * * LOW HITPOINT WARNING * * *
The tengu warrior claws you.
* * * LOW HITPOINT WARNING * * *
You feel very mighty all of a sudden.
The boulder beetle curls into a ball and begins rolling!
The soul eater draws from the surrounding life force!
The elephant tramples you but does no damage.
The elephant trunk-slaps you.
You die...

#...#########..#
#..##8?[©}?8##.#
#..#..$$=$$..#.# #
#####..#.....[...#.#.#
.......#......=..#.#.##
#####..#.........#.....
#..#.........#.#
##.#....©.CYJ#.#
#.#...B..3Q@#.#
######.##8....K8##.#
.....††.#########..#
######......©.....##
#.##.....#####
#.#.......#
#..........#
............+
##..........#


You could see a boulder beetle (rolling), an elephant shaped shifter, a slime
creature, a soul eater (summoned), a tengu warrior, a cyclops and a kobold
demonologist.

Vanquished Creatures
  Sigmund (D:2)
  An ice beast (D:6)
  A scorpion (D:6)
  A necrophage (D:7)
  3 killer bees (D:8)
  2 hounds (D:6)
  A jelly (D:4)
  An orc priest (D:7)
  3 orc wizards
  Robin (D:2)
  2 adders (D:2)
  2 dart slugs
  7 orcs
  3 endoplasms
  6 giant cockroaches
  14 goblins
  5 hobgoblins
  3 quokkas
  5 ball pythons
  6 bats
  4 frilled lizards
  A kobold (D:1)
  7 rats
80 creatures vanquished.

Vanquished Creatures (others)
  3 fungi (D:1)
  13 plants (D:1)
16 creatures vanquished.

Grand Total: 96 creatures vanquished

Notes
Turn   | Place    | Note
-------+----------+-------------------------------------------
     0 | D:1      | Heoruswealwe the Minotaur Fighter began the quest for the
                  | Orb.
     0 | D:1      | Reached XP level 1. HP: 19/19 MP: 0/0
   162 | D:1      | Reached XP level 2. HP: 27/27 MP: 1/1
   345 | D:1      | Found a faded altar of an unknown god.
   360 | D:1      | Prayed at the altar of an unknown god.
   360 | D:1      | Became a worshipper of Lugonu the Unformed
   360 | D:1      | Reached * piety under Lugonu
   360 | D:1      | Reached ** piety under Lugonu
   701 | D:2      | Noticed Sigmund
   733 | D:2      | Reached XP level 3. HP: 24/33 MP: 2/2
   736 | D:2      | Killed Sigmund
   737 | D:2      | Reached XP level 4. HP: 23/41 MP: 3/3
   737 | D:2      | Reached XP level 5. HP: 27/47 MP: 4/4
   776 | D:2      | Noticed Robin
   797 | D:2      | Killed Robin
   801 | D:2      | Reached skill level 5 in Armour
   853 | D:2      | Found Zufian's Distillery.
   858 | D:2      | Reached skill level 5 in Fighting
  1090 | D:2      | Reached skill level 5 in Shields
  1108 | D:2      | Found an ornate altar of the Wu Jian Council.
  1169 | D:2      | Reached *** piety under Lugonu
  1207 | D:2      | Found Komuoroh's Magic Scroll Emporium.
  1221 | D:2      | Bought a scroll of identify for 26 gold pieces
  1221 | D:2      | Bought a scroll of identify for 26 gold pieces
  1381 | D:2      | Found Mir Meg's Antique Armour Boutique.
  1679 | D:4      | Reached XP level 6. HP: 56/56 MP: 5/5
  1724 | D:4      | You fall into a shaft and drop 3 floors!
  1806 | D:6      | Noticed an ice beast
  1814 | D:6      | Killed an ice beast
  1815 | D:6      | Reached skill level 5 in Axes
  1815 | D:6      | Reached XP level 7. HP: 15/62 MP: 6/6
  2019 | D:8      | Found a transporter.
  2020 | D:8      | Noticed a yaktaur
  2020 | D:8      | Noticed a cyclops
  2042 | D:8      | Noticed a boulder beetle
  2043 | D:8      | Noticed a tengu warrior
  2043 | D:8      | Noticed a kobold demonologist
  2045 | D:8      | Found a transporter.
  2051 | D:8      | Noticed a slime creature
  2066 | D:8      | Noticed a soul eater
  2068 | D:8      | Noticed an elephant
  2068 | D:8      | a yaktaur changed into an elephant
  2069 | D:8      | HP: 1/63 [tengu warrior/+3 long sword (4)]
  2070 | D:8      | Slain by an elephant (shapeshifter)

Illustrated notes

Levels and vault maps discovered:
D:1:      dpeg_arrival_subterranean_lakeside_camping, layout_rooms,
          shapermc_ecumenical_altar_hornbeckon
D:2:      layout_basic, basic_altar, serial_shops, nicolae_square_shop, shop,
          shop, uniq_sigmund, uniq_robin
D:3:      layout_loops_ring
D:4:      layout_loops_ring, ebering_ghost_rock_garden, uniq_grinder
D:6:      layout_rooms, eino_curves_03
D:7:      layout_basic
D:8:      gammafunk_sealed_arena, layout_loops_corners

Skill      XL: |  1  2  3  4  5  6  7 |
---------------+----------------------+-----
Armour         | 4 5 6 |  6.2
Shields        | 4 5 6 |  6.2
Fighting       | 4 5 6 |  6.2
Axes           | 3 4 5 |  5.5

Action                   |  1- 3 |  4- 6 |  7- 9 || total
-------------------------+-------+-------+-------++-------
Melee: War axe           |    98 |    80 |    13 ||   191
       Headbutt          |    17 |    18 |     1 ||    36
  Use: Scroll            |     3 |     7 |     1 ||    11
       Potion            |     2 |       |     1 ||     3
Armor: Scale mail        |    37 |    34 |    12 ||    83
Dodge: Dodged            |    45 |    26 |     8 ||    79
Block: Buckler           |    15 |    15 |     4 ||    34
